 Dungeon Crawl Stone Soup version 0.29-a0-813-g4a14ea37d6 (webtiles) character file.

Game seed: 4981475483229206020

9412 inmateoo the Cleaver (level 11, -1/145 HPs)
             Began as a Minotaur Fighter on July 5, 2022.
             Slain by a black mamba simulacrum (8 damage)
             ... on level 10 of the Dungeon.
             The game lasted 00:08:47 (8725 turns).

inmateoo the Cleaver (Minotaur Fighter)             Turns: 8725, Time: 00:08:47

Health: -1/145     AC: 25    Str: 21    XL:     11   Next: 22%
Magic:  10/10      EV:  2    Int:  5    God:
Gold:   152        SH: 29    Dex: 14    Spells: 10/10 levels left

rFire   . . .      SeeInvis .   a - +1 war axe (flame)
rCold   . . .      Faith    .   d - +18 shield of the Gong {rElec rN+ Will+ EV-5}
rNeg    + . .      Spirit   .   (body armour currently unavailable)
rPois   +          Reflect  .   (helmet currently unavailable)
rElec   +          Harm     .   (cloak currently unavailable)
rCorr   +          Rampage  .   (gloves currently unavailable)
Will    +....      NoTele   +   (boots currently unavailable)
Stlth   +.........              (no amulet)
HPRegen 0.34/turn               q - ring of resist corrosion
MPRegen 0.12/turn               (no ring)

@: mighty, tree-form
A: stationary, stasis, torment immunity, boosted hp, (horns 2), (retaliatory
headbutt)
a: no special abilities


You were on level 10 of the Dungeon.
You were a tree.
You visited 1 branch of the dungeon, and saw 10 of its levels.

You collected 452 gold pieces.
You spent 300 gold pieces at shops.

Inventory:

Hand Weapons
 a - a +1 war axe of flaming (weapon)
Armour
 b - a +0 scale mail (melded)
 d - the +18 shield of the Gong (worn) {rElec rN+ Will+ EV-5}
   (You found it on level 8 of the Dungeon)

   It is deafeningly noisy when blocking attacks.
   EV:        It affects your evasion (-5).
   rElec:     It insulates you from electricity.
   rN:        It protects you from negative energy.
   Will:      It increases your willpower.
 z - a +1 pair of gloves (melded)
 C - a +0 pair of boots (melded)
 E - a +2 cloak of poison resistance (melded)
Jewellery
 p - a ring of ice
 q - a ring of resist corrosion (left branch)
Wands
 e - a wand of light (8)
 g - a wand of iceblast (6)
 x - a wand of digging (7)
 D - a wand of flame (14)
Scrolls
 i - 2 scrolls of teleportation
 j - a scroll of fog
 o - a scroll of identify
 y - a scroll of enchant weapon
 B - 2 scrolls of magic mapping
Potions
 f - 3 potions of flight
 h - 2 potions of magic
 l - a potion of cancellation
 m - 2 potions of mutation
 n - 2 potions of attraction
 u - 2 potions of brilliance
 v - a potion of lignification
 w - 3 potions of curing


   Skills:
 + Level 9.4 Fighting
 * Level 12.4 Axes
 + Level 9.5 Armour
 + Level 7.6 Dodging
 + Level 9.5 Shields


You had 10 spell levels left.
You didn't know any spells.
Your spell library contained the following spells:

 Spells                   Type           Power      Damage    Failure   Level
 Beastly Appendage        Tmut           0%         N/A       77%         1
 Summon Small Mammal      Summ           0%         N/A       77%         1
 Wereblood                Tmut           0%         N/A       88%         2
 Call Canine Familiar     Summ           0%         N/A       98%         3
 Ozocubu's Armour         Ice            0%         N/A       98%         3
 Spider Form              Tmut/Pois      0%         N/A       98%         3
 Summon Guardian Golem    Hex/Summ       0%         N/A       98%         3
 Airstrike                Air            0%         0-1+      100%        4
 Hailstorm                Conj/Ice       0%         3d3       100%        4
 Ice Form                 Ice/Tmut       0%         N/A       100%        4
 Summon Lightning Spire   Summ/Air       0%         N/A       100%        4
 Lightning Bolt           Conj/Air       0%         1d11      100%        5
 Simulacrum               Ice/Necr       0%         N/A       100%        6
 Ozocubu's Refrigeration  Ice            0%         4d5       100%        7


Dungeon Overview and Level Annotations

Branches:
Dungeon (10/15)            Temple (0/1) D:7            Lair (0/6) D:9
    Orc (0/2) D:9

Altars:
Trog
Uskayaw
Xom
Yredelemnul
Zin
The Shining One

Shops:
D:4 *


Innate Abilities, Weirdness & Mutations

You are a tree.
Your roots penetrate the ground, keeping you stationary.
You cannot be teleported.
You are immune to unholy pain and torment.
Your maximum health is greatly increased.
Your equipment is partially melded.
((You have a pair of horns on your head.))
((You reflexively headbutt those who attack you in melee.))


Message History

GONNNNG!
The flying skull hits you but does no damage.
You hear a howl!
You feel better. You block the hell hound's attack.
GONNNNG!
You block the vampire mosquito's attack.
GONNNNG!
You block the flying skull's attack.
PTOANNNG!
The hell hound breathes flames at you.
The blast of flame hits you but does no damage.
The vampire mosquito bites you.
* * * LOW HITPOINT WARNING * * *
You hear an angry buzzing noise.
You closely miss the hell hound.
The hell hound is severely wounded.
You slash the flying skull! You burn the flying skull.
You slash the vampire mosquito! You burn the vampire mosquito.
You block the flying skull's attack.
GONNNNG!
The vampire mosquito bites you.
* * * LOW HITPOINT WARNING * * *
The vampire mosquito draws strength from your injuries!
The hell hound bites you but does no damage.
You block the flying skull's attack.
PANG!
The vampire mosquito bites you but does no damage.
You hear an angry buzzing noise.
You hear a hideous shriek!
You hear a howl!
You slash the hell hound!
You kill the hell hound!
You closely miss the flying skull. You hit the vampire mosquito.
You burn the vampire mosquito. The vampire mosquito bites you.
* * * LOW HITPOINT WARNING * * *
The vampire mosquito draws strength from your injuries!
You block the flying skull's attack.
SHROANNG!
The black mamba simulacrum bites you.
* * * LOW HITPOINT WARNING * * *
The black mamba simulacrum freezes you!
You die...

#..)....# #.......#
#.....o.######
#..?Z.........
####o#........ #
#T#........
#..#Y#..........#
#..#y#..........#
####§.#♣#Y.........#
..§..§z.Z.Y........#
≈≈§≈≈§§≈≈oo........#
≈...§...≈..........#
#.§≈.#.###.≈..........#
#..≈.#...#.≈.)))......#
#.§≈.#._.#†≈.)(.......#
#.§≈§#...#.§).........#
#.≈.###.#............#


You could see 2 yaks, a troll, a vampire mosquito, a flying skull, an orc
priest, a black mamba simulacrum, 2 orcs and a centaur zombie.

Vanquished Creatures
  A two-headed ogre (D:8)
  2 vault sentinels (D:8)
  Maurice (D:8)
  A centaur skeleton (D:10)
  2 hornets
  A dream sheep (D:7)
  A meliai zombie (D:10)
  6 flying skulls (D:10)
  2 wyverns
  A yak (D:10)
  A wraith (D:7)
  An unseen horror simulacrum (D:10)
  2 steam dragons
  4 vampire mosquitoes (D:10)
  A warg (D:10)
  An acid dragon (D:9)
  A hell hound (D:10)
  3 black bears
  An ice beast (D:8)
  2 orc warriors
  5 sky beasts
  4 ogres
  5 phantoms
  A centaur (D:9)
  The ghost of Shym the Digger, an amateur GrEE (D:3)
  2 necrophages
  3 kobold brigands
  A gnoll sergeant (D:10)
  A scorpion (D:5)
  A water moccasin skeleton (D:3)
  6 killer bees (D:8)
  4 howler monkeys
  An electric eel (D:6)
  4 crimson imps (D:8)
  A quasit (D:4)
  4 hounds
  5 orc priests
  2 jellies
  A gnoll bouda (D:7)
  Ijyb (D:4)
  4 iguanas
  11 orc wizards
  A hell rat (D:10)
  A howler monkey zombie (D:3)
  12 adders
  8 gnolls
  A howler monkey skeleton (D:3)
  4 shadow imps
  A white imp (D:5)
  3 ufetubi
  2 adder zombies (D:3)
  5 worms
  3 dart slugs
  26 orcs
  7 endoplasms
  5 giant cockroaches
  4 goblins
  4 hobgoblins
  5 quokkas
  4 ball pythons
  6 bats
  4 frilled lizards
  16 kobolds
  A quokka zombie (D:3)
  3 rats
229 creatures vanquished.

Vanquished Creatures (others)
  3 demonic plants (D:4)
3 creatures vanquished.

Grand Total: 232 creatures vanquished

Notes
Turn   | Place    | Note
-------+----------+-------------------------------------------
     0 | D:1      | inmateoo the Minotaur Fighter began the quest for the Orb.
     0 | D:1      | Reached XP level 1. HP: 19/19 MP: 0/0
    72 | D:1      | Reached XP level 2. HP: 23/27 MP: 1/1
   244 | D:1      | Reached skill level 3 in Axes
   689 | D:2      | Reached XP level 3. HP: 33/33 MP: 2/2
   700 | D:2      | Reached skill level 1 in Dodging
  1176 | D:2      | Found a faded altar of an unknown god.
  1401 | D:3      | Reached XP level 4. HP: 40/40 MP: 3/3
  1658 | D:3      | You fall into a shaft and drop 2 floors!
  1658 | D:5      | Entered Level 5 of the Dungeon
  1691 | D:5      | Noticed an ogre
  1694 | D:5      | Killed an ogre
  1695 | D:5      | Reached skill level 4 in Axes
  1695 | D:5      | Reached XP level 5. HP: 47/47 MP: 4/4
  1813 | D:5      | Noticed a steam dragon
  1832 | D:5      | Killed a steam dragon
  1833 | D:5      | Reached XP level 6. HP: 34/53 MP: 5/5
  2034 | D:5      | Reached skill level 5 in Axes
  2034 | D:5      | Reached skill level 5 in Armour
  2110 | D:5      | Reached skill level 5 in Shields
  2117 | D:5      | Reached skill level 5 in Fighting
  2129 | D:5      | Reached XP level 7. HP: 42/61 MP: 6/6
  2373 | D:5      | Reached skill level 6 in Axes
  2509 | D:4      | Found a glowing golden altar of the Shining One.
  2950 | D:3      | Found a runed translucent gate.
  2963 | D:3      | Found a runed translucent gate.
  2963 | D:3      | Found a runed translucent gate.
  2964 | D:3      | Noticed Shym's ghost (amateur GrEE)
  3150 | D:3      | Killed Shym's ghost
  3435 | D:4      | Reached XP level 8. HP: 58/70 MP: 7/7
  3439 | D:4      | Found Ubifuh's Fire Supplies.
  3502 | D:4      | Noticed Ijyb
  3518 | D:4      | Killed Ijyb
  4111 | D:4      | Reached skill level 7 in Axes
  5177 | D:6      | Reached skill level 8 in Axes
  5413 | D:6      | Reached XP level 9. HP: 54/78 MP: 8/8
  5656 | D:6      | Reached skill level 5 in Dodging
  5923 | D:6      | Found a hide-covered altar of Uskayaw.
  5926 | D:6      | Found a basalt altar of Yredelemnul.
  6197 | D:7      | Reached skill level 9 in Axes
  6384 | D:7      | Found a staircase to the Ecumenical Temple.
  6777 | D:8      | Noticed Maurice
  6788 | D:8      | Killed Maurice
  6789 | D:8      | Reached skill level 10 in Axes
  6838 | D:8      | Noticed a two-headed ogre
  6845 | D:8      | Killed a two-headed ogre
  6846 | D:8      | Reached XP level 10. HP: 83/88 MP: 9/9
  7166 | D:8      | Noticed a vault sentinel
  7166 | D:8      | Noticed a vault sentinel
  7227 | D:8      | Killed a vault sentinel
  7233 | D:8      | Killed a vault sentinel
  7234 | D:8      | Reached skill level 11 in Axes
  7490 | D:8      | Found the +18 shield of the Gong {rElec rN+ Will+ EV-5}
  7534 | D:8      | Found a shimmering altar of Xom.
  8247 | D:9      | Found Kajisew's Distillery.
  8257 | D:9      | Bought a potion of curing for 36 gold pieces
  8257 | D:9      | Bought a potion of might for 48 gold pieces
  8257 | D:9      | Bought a potion of cancellation for 96 gold pieces
  8257 | D:9      | Bought a potion of lignification for 36 gold pieces
  8257 | D:9      | Bought a potion of attraction for 36 gold pieces
  8257 | D:9      | Bought a potion of brilliance for 48 gold pieces
  8304 | D:9      | Found a staircase to the Lair.
  8328 | D:9      | Found a glowing silver altar of Zin.
  8554 | D:9      | Found a staircase to the Orcish Mines.
  8602 | D:10     | Entered Level 10 of the Dungeon
  8605 | D:10     | Found a bloodstained altar of Trog.
  8692 | D:10     | Reached skill level 12 in Axes
  8692 | D:10     | Reached XP level 11. HP: 77/97 MP: 10/10
  8715 | D:10     | HP: 4/97 [orc priest/divine providence (10)]
  8725 | D:10     | HP: 7/145 [black mamba simulacrum (3)]
  8725 | D:10     | Slain by a black mamba simulacrum

Illustrated notes

Levels and vault maps discovered:
D:1:      wander_arrival_estate, layout_basic, st_stairs_5,
          minmay_misc_feat_rows, minmay_distorted
D:2:      layout_rooms, ebering_ecumenical_altar_ruins
D:3:      layout_loops_ring, gammafunk_ghost_necromancy, serial_undead,
          serial_undead_e, serial_undead_a, serial_undead_d, serial_undead_d,
          nicolae_wormholes
D:4:      layout_rooms, nicolae_tso_swordbearing_angel, serial_demonic,
          serial_demonic_b, serial_demonic_e, serial_demonic_a,
          serial_demonic_c, nicolae_shop_fire_sale [nicolae_sub_dead_trees],
          uniq_ijyb
D:5:      minmay_chambers_of_fours, layout_layer_cave, nrook_mini_vaults,
          abandoned_shop, kennysheep_generic_room_7
D:6:      layout_rooms, nicolae_overflow_squiral
D:7:      nicolae_cairo_tiling_large_dashed, layout_basic,
          hangedman_decor_diamond_cutter, nicolae_zen_rock_garden,
          dreamdust_gnoll_shepherd
D:8:      layout_loops_cross, led_xom_imps, hellmonk_guarded_unrand_gong,
          uniq_maurice
D:9:      layout_roguey, old_standard_altar, lair_entry_dummy, orc_0_dummy,
          serial_shops, nicolae_lakefront_shop
D:10:     lemuel_vampire_tower, layout_basic, mainiacjoe_overflow_brackets

Skill      XL: |  1  2  3  4  5  6  7  8  9 10 |
---------------+-------------------------------+-----
Axes           | 3 4 5 6 8 10 12 | 12.4
Shields        | 4 5 6 8 9 |  9.5
Fighting       | 4 5 6 8 9 |  9.4
Armour         | 4 5 6 8 9 |  9.5
Dodging        | 1 2 3 4 6 7 |  7.6

Action                   |  1- 3 |  4- 6 |  7- 9 | 10-12 || total
-------------------------+-------+-------+-------+-------++-------
Melee: War axe           |    88 |    54 |   295 |   165 ||   602
       Headbutt          |     8 |     6 |    42 |    32 ||    88
Evoke: Wand              |       |     4 |     1 |       ||     5
  Use: Scroll            |     3 |     1 |    11 |     4 ||    19
       Potion            |       |       |     2 |     9 ||    11
 Stab: Invisible         |       |       |     1 |       ||     1
Armor: Scale mail        |    48 |    30 |   152 |    58 ||   288
       Skin              |       |       |       |    16 ||    16
Dodge: Dodged            |    46 |    34 |   133 |    52 ||   265
Block: Buckler           |    22 |    17 |    72 |    14 ||   125
       Kite shield       |       |       |       |   230 ||   230

Table legend: (Time is in decaauts)
 A = Elapsed time spent in this place.
 B = Non-inter-level travel time spent in this place.
 C = Inter-level travel time spent in this place.
 D = Time resting spent in this place.
 E = Time spent auto-exploring this place.
 F = Levels seen in this place.
 G = Mean time per level.
                   A        B        C        D        E       F      G
               +--------+--------+--------+--------+--------+-----+--------+
         Total |   8815 |   8539 |    276 |   2693 |   4152 |  10 |  881.5 |
       Dungeon |   8815 |   8539 |    276 |   2693 |   4152 |  10 |  881.5 |
               +--------+--------+--------+--------+--------+-----+--------+

Top non-repeatable levels by time:
     D:5: 1784 daAuts
     D:4: 1036 daAuts
     D:6: 985 daAuts
     D:3: 971 daAuts
     D:8: 958 daAuts
     D:9: 850 daAuts
     D:2: 721 daAuts
     D:7: 696 daAuts
     D:1: 685 daAuts
    D:10: 125 daAuts
